 Dungeon Crawl Stone Soup version 0.28-a0-793-g31680bbd8b (webtiles) character file.

Game seed: 6446274195093989109

6874 jasper the Fencer (level 10, -2/73 HPs)
             Began as a Demonspawn Cinder Acolyte on Nov 4, 2021.
             Was an Initiate of Ignis.
             Slain by a death yak (5 damage)
             ... on level 10 of the Dungeon.
             The game lasted 00:15:21 (9674 turns).

jasper the Fencer (Demonspawn Cinder Acolyte)       Turns: 9674, Time: 00:15:22

Health: -2/73      AC: 20    Str: 30    XL:     10   Next: 78%
Magic:  11/11      EV:  8    Int: 21    God:    Ignis [......]
Gold:   221        SH:  0    Dex:  8    Spells: 11/11 levels left

rFire   + . .      SeeInvis .   B - +2 great sword "Qof Juem" {freeze, *Rage Str+6}
rCold   . . .      Faith    .   (shield currently unavailable)
rNeg    . . .      Spirit   .   y - +0 plate armour
rPois   .          Reflect  .   d - +0 helmet
rElec   .          Harm     .   v - +0 cloak
rCorr   .          Rampage  .   (no gloves)
Will    .....      Rage     20% h - +0 pair of boots
Stlth   ..........              p - amulet of magic regeneration
HPRegen 0.22/turn               C - +4 ring of protection
MPRegen 0.37/turn               x - ring "Rozxior" {Str+6 Int+5}

@: mighty, weak-willed, on berserk cooldown, slowed, very slow
A: thin metallic scales 1, demonic guardian 2, weakness stinger 2
a: Renounce Religion


You were on level 10 of the Dungeon.
You worshipped Ignis.
Ignis was noncommittal.
You visited 1 branch of the dungeon, and saw 10 of its levels.

You collected 433 gold pieces.
You spent 212 gold pieces at shops.

Inventory:

Hand Weapons
 a - a +0 falchion of flaming
 w - the +5 short sword of Gozag's Castigation {vorpal, Fly rN+ Str+4}
   (You found it on level 4 of the Dungeon)

   It inflicts extra damage upon your enemies.
   Str:       It affects your strength (+4).
   rN:        It protects you from negative energy.
   Fly:       It grants you flight.
 B - the +2 great sword "Qof Juem" (weapon) {freeze, *Rage Str+6}
   (You acquired it on level 7 of the Dungeon)

   It freezes those it strikes, dealing additional cold damage.
   It can also slow down cold-blooded creatures.
   Str:       It affects your strength (+6).
   *Rage:     It berserks you when you make melee attacks (+20% chance).
 G - a +0 scimitar of holy wrath
Missiles
 f - 189 stones (quivered)
 i - 25 poisoned darts
 I - 3 throwing nets
Armour
 b - a +0 robe
 d - a +0 helmet (worn)
 h - a +0 pair of boots (worn)
 q - a +0 chain mail
 v - a +0 cloak (worn)
 y - a +0 plate armour (worn)
Jewellery
 l - a ring of resist corrosion
 m - a +6 ring of intelligence
 o - a ring of protection from cold
 p - an amulet of magic regeneration (around neck)
 x - the ring "Rozxior" (right hand) {Str+6 Int+5}
   (You bought it in a shop on level 5 of the Dungeon)

   [ring of strength]

   Str:       It affects your strength (+6).
   Int:       It affects your intelligence (+5).
 C - a +4 ring of protection (left hand)
Wands
 r - a wand of flame (1)
 D - a wand of iceblast (4)
Scrolls
 c - a scroll of summoning
 t - a scroll of enchant weapon
 u - a scroll of fog
Potions
 e - 6 potions of brilliance
 s - 2 potions of degeneration {unknown}
 z - a potion of berserk rage {unknown}
 A - a potion of cancellation {unknown}
 F - a potion of lignification {unknown}
 H - a potion of resistance {unknown}
 J - a potion of invisibility {unknown}
 K - 2 potions of mutation {unknown}


   Skills:
 + Level 4.7 Fighting
 - Level 15.1 Long Blades
 + Level 3.1 Armour
 + Level 2.6 Dodging
 - Level 1.0 Spellcasting
 - Level 2.6 Fire Magic


You had 11 spell levels left.
You didn't know any spells.
Your spell library contained the following spells:

 Spells                   Type           Power      Damage    Failure   Level
 Scorch                   Fire           24%        2d6       65%         2
 Animate Skeleton         Necr           2%         N/A       86%         1
 Freeze                   Ice            4%         1d3       86%         1
 Pain                     Necr           4%         1d4       86%         1
 Summon Small Mammal      Summ           4%         N/A       86%         1
 Call Canine Familiar     Summ           1%         N/A       99%         3
 Frozen Ramparts          Ice            2%         1d2       99%         3
 Summon Guardian Golem    Hex/Summ       1%         N/A       99%         3
 Vampiric Draining        Necr           1%         2d6       99%         3
 Hailstorm                Conj/Ice       1%         3d3       100%        4
 Summon Lightning Spire   Summ/Air       1%         N/A       100%        4
 Storm Form               Tmut/Air       0%         N/A       100%        7
 Maxwell's Capacitive Co  Air            0%         ∞         100%        8


Dungeon Overview and Level Annotations

Branches:
Dungeon (10/15)            Temple (0/1) D:5
   Lair: D:8-11         Orc: D:9-12

Altars:
Ashenzari
Cheibriados
Dithmenos
Kikubaaqudgha
Qazlal
Xom
Zin

Shops:
D:5 *   D:6 [   D:8 *   D:9 =

Annotations:
D:7 1 runed translucent door, ALWAYSlose's ghost, novice MiFi


Innate Abilities, Weirdness & Mutations

You are partially covered in thin metallic scales. (AC +2)
A demonic guardian rushes to your aid.
You have a tail ending in a sharp stinger.


Message History

The death knight hits you with a +0 broad axe!
* * * LOW HITPOINT WARNING * * *
The phantasmal warrior hits you but does no damage.
Your Dodging skill increases to level 2!
You now have 22/109 hp.
The phantasmal warrior closely misses you.
You feel a strong urge to attack something.
There is an open door here.
You feel your anger nearly subside.
You are no longer berserk.
You are exhausted.
You feel yourself slow down.
You now have 15/73 hp.
The phantasmal warrior gestures at you.
The phantasmal warrior blinks!
The phantasmal warrior hits you but does no damage.
The phantasmal warrior is no longer weakened.
The phantasmal warrior gestures at you.
The phantasmal warrior blinks!
The phantasmal warrior gestures at you.
The phantasmal warrior blinks!
You chop the phantasmal warrior into pieces!!!
You freeze the phantasmal warrior!
You destroy the phantasmal warrior!
The death knight offers itself to Yredelemnul, and fills with unholy energy.
Your Armour skill increases to level 3!
The death knight invokes the aid of Yredelemnul against you.
You barely resist.
There is a stone staircase leading down here.
The death knight hits you with a +0 broad axe!
* * * LOW HITPOINT WARNING * * *
A demonic guardian appears!
You climb downwards.
Found a robe and 35 stones.
There is a stone staircase leading up here.
You take 13 damage, and have 4/73 hp.
The death knight mumbles some strange prayers to Yredelemnul against you.
Your body is wracked with pain!
* * * LOW HITPOINT WARNING * * *
The death yak gores you.
You die...

#.# ...
#.# #.#
#(#
##.####.#
........#
#@# #Y#
..[....p#
.#.####..
####


You could see a death knight (reflects damage) and a death yak.

Vanquished Creatures
  Harold (D:8)
  2 phantasmal warriors (D:9)
  A wraith (D:8)
  3 water moccasins
  3 orc warriors
  2 ice beasts (D:6)
  2 sky beasts
  2 black bears
  3 ogres
  2 centaurs
  A necrophage (D:6)
  A kobold brigand (D:9)
  A scorpion (D:6)
  2 bullfrogs
  A wyvern skeleton (D:7)
  5 killer bees (D:8)
  A centaur zombie (D:6)
  A bullfrog zombie (D:5)
  An orc priest (D:7)
  A gnoll shaman (D:9)
  3 hounds
  A centaur skeleton (D:6)
  4 orc wizards
  2 iguanas
  A killer bee zombie (D:4)
  A mummy (D:9)
  11 gnolls
  A howler monkey skeleton (D:4)
  2 adders
  A shadow imp (D:7)
  A white imp (D:6)
  A worm (D:3)
  A dart slug (D:2)
  25 orcs
  5 bats
  5 endoplasms
  2 giant cockroaches
  7 goblins
  4 hobgoblins
  3 jackals (D:4)
  A quokka (D:2)
  5 ball pythons
  5 frilled lizards
  10 kobolds
  2 rats (D:1)
140 creatures vanquished.

Vanquished Creatures (collateral kills)
  2 killer bees (D:8)
  2 orcs (D:8)
4 creatures vanquished.

Vanquished Creatures (others)
  136 foxfires
136 creatures vanquished.

Grand Total: 280 creatures vanquished

Notes
Turn   | Place    | Note
-------+----------+-------------------------------------------
     0 | D:1      | jasper the Demonspawn Cinder Acolyte began the quest for
                  | the Orb.
     0 | D:1      | Reached XP level 1. HP: 18/18 MP: 2/2
   200 | D:1      | Reached skill level 3 in Long Blades
   520 | D:1      | Gained mutation: You have a small tail. [demonic ancestry]
   520 | D:1      | Reached XP level 2. HP: 24/24 MP: 3/3
   630 | D:1      | Reached XP level 3. HP: 29/29 MP: 4/4
   668 | D:1      | Reached skill level 4 in Long Blades
   680 | D:1      | Found a faded altar of an unknown god.
  2189 | D:3      | Learned a level 2 spell: Scorch
  2275 | D:3      | Noticed a fire elemental
  2278 | D:3      | Found a stormy altar of Qazlal.
  2280 | D:3      | Noticed a water elemental
  2280 | D:3      | Noticed an earth elemental
  2280 | D:3      | Noticed an air elemental
  2418 | D:3      | Found a shadowy altar of Dithmenos.
  2418 | D:3      | Found a broken altar of Ashenzari.
  2570 | D:3      | Gained mutation: You are partially covered in thin metallic
                  | scales. (AC +2) [demonic ancestry]
  2570 | D:3      | Reached XP level 4. HP: 35/35 MP: 2/5
  3212 | D:4      | Noticed a black bear
  3216 | D:3      | Killed a black bear
  3217 | D:3      | Reached skill level 5 in Long Blades
  3217 | D:3      | Gained mutation: A weak demonic guardian rushes to your
                  | aid. [demonic ancestry]
  3217 | D:3      | Reached XP level 5. HP: 38/41 MP: 3/6
  3623 | D:4      | Noticed an ogre
  3644 | D:4      | Killed an ogre
  3645 | D:4      | Reached skill level 6 in Long Blades
  3645 | D:4      | Reached XP level 6. HP: 42/47 MP: 7/7
  3804 | D:4      | Identified the +5 short sword of Gozag's Castigation
                  | {vorpal, Fly rN+ Str+4}
  4048 | D:4      | You are sucked into a shaft and drop 2 floors!
  4057 | D:6      | Found a sand-covered staircase.
  4148 | D:5      | Entered Level 5 of the Dungeon
  4209 | D:6      | Noticed a sky beast
  4218 | D:6      | Killed a sky beast
  4222 | D:6      | Reached skill level 7 in Long Blades
  4232 | D:6      | Noticed an ice beast
  4238 | D:6      | Killed an ice beast
  4239 | D:6      | Reached XP level 7. HP: 52/52 MP: 8/8
  4259 | D:6      | Reached skill level 8 in Long Blades
  4486 | D:5      | Found a staircase to the Ecumenical Temple.
  4812 | D:5      | Reached skill level 9 in Long Blades
  4812 | D:5      | Gained mutation: You have a tail ending in a sharp stinger.
                  | [demonic ancestry]
  4812 | D:5      | Reached XP level 8. HP: 52/58 MP: 9/9
  5024 | D:5      | Found Befuqobee's Assorted Antiques.
  5032 | D:5      | Bought a translucent tin ring for 180 gold pieces
  5032 | D:5      | Identified the ring "Rozxior" {Str+6 Int+5} (You bought it
                  | in a shop on level 5 of the Dungeon)
  5693 | D:6      | Reached skill level 10 in Long Blades
  5728 | D:6      | Found Ditsoamy's Antique Armour Boutique.
  5778 | D:5      | Bought a lumpy puce potion for 32 gold pieces
  6897 | D:7      | Reached skill level 11 in Long Blades
  7047 | D:7      | Gained mutation: A demonic guardian rushes to your aid.
                  | [demonic ancestry]
  7047 | D:7      | Reached XP level 9. HP: 30/63 MP: 10/10
  7305 | D:7      | Found a runed translucent door.
  7306 | D:7      | Noticed ALWAYSlose's ghost (novice MiFi)
  7352 | D:7      | Identified a scroll of acquirement
  7352 | D:7      | Acquired the +2 great sword "Qof Juem" {freeze, *Rage
                  | Str+6}
  8155 | D:8      | Found a shimmering altar of Xom.
  8176 | D:8      | Reached skill level 1 in Armour
  8348 | D:8      | Found Cyenucw Corr's Lightly-Used Armoury.
  8415 | D:8      | Reached skill level 15 in Long Blades
  8415 | D:8      | Reached XP level 10. HP: 70/70 MP: 11/11
  9059 | D:8      | Noticed Harold
  9069 | D:8      | Killed Harold
  9070 | D:8      | Reached skill level 1 in Dodging
  9404 | D:9      | Found an ancient bone altar of Kikubaaqudgha.
  9430 | D:9      | Found a snail-covered altar of Cheibriados.
  9623 | D:9      | Found Dankoqud's Jewellery Shop.
  9626 | D:9      | Noticed a death knight
  9626 | D:9      | Noticed a death yak
  9628 | D:9      | Noticed a death yak
  9629 | D:9      | Noticed a phantasmal warrior
  9642 | D:9      | Noticed a phantasmal warrior
  9653 | D:9      | Noticed a death yak
  9660 | D:9      | Killed a phantasmal warrior
  9669 | D:9      | Killed a phantasmal warrior
  9673 | D:10     | Entered Level 10 of the Dungeon
  9674 | D:10     | HP: 3/73 [??? (1)]
  9674 | D:10     | Slain by a death yak

Illustrated notes

Levels and vault maps discovered:
D:1:      psy_arrival_basics, layout_basic, chequers_ecumenical_altar_simple,
          minmay_hexomino_c4
D:2:      layout_basic
D:3:      layout_loops_corners, nicolae_qazlal_style_of_elements,
          mainiacjoe_overflow_divided_tiny
D:4:      layout_loops_ring, nicolae_hepliaklqana_monster_ancestors,
          amethyst_killhole, uniq_edmund
D:5:      layout_loops_ring, minmay_temple_entry_drinking_statues, serial_shops,
          nicolae_shop_stone
D:6:      lemuel_ice_spiral_2, layout_basic,
          nicolae_ossuary_entry_false_entrances, serial_shops,
          kennysheep_mini_moat
D:7:      layout_gridville, gammafunk_ghost_grave
D:8:      layout_loops_ring, zin_treasury, mainiacjoe_overflow_chevrons,
          minmay_misc_feat_tower, chequers_serial_rivers_micro_a,
          minmay_shop_damaged, uniq_harold
D:9:      layout_roguey, fedhas_ov_isle_minmay, slow_altar_1,
          mainiacjoe_overflow_boulevard, dpeg_lair_monsters, serial_shops,
          shop_statue, shop, shop
D:10:     gammafunk_jiyva_shrine, layout_loops_ring, erik_orc_3, uniq_erolcha

Skill      XL: |  1  2  3  4  5  6  7  8  9 10 |
---------------+-------------------------------+-----
Long Blades    | 3 4 5 6 7 9 11 15 | 15.1
Armour         | 1 3 |  3.1
Fighting       | 4 |  4.7
Dodging        | 2 |  2.6
Spellcasting   | |  1.0
Fire Magic     | |  2.6

Action                   |  1- 3 |  4- 6 |  7- 9 | 10-12 || total
-------------------------+-------+-------+-------+-------++-------
Melee: Falchion          |    67 |    46 |       |       ||   113
       Tailslap          |     5 |     4 |    27 |     4 ||    40
       Short sword       |       |    25 |   158 |       ||   183
       Great sword       |       |       |    34 |    73 ||   107
Throw: Stone             |    41 |       |    13 |       ||    54
       Dart              |       |    14 |    30 |       ||    44
       Throwing net      |       |       |       |     1 ||     1
 Cast: Scorch            |     4 |     8 |       |       ||    12
Invok: Foxfire Swarm     |     3 |     2 |     2 |     1 ||     8
       Rising Flame      |       |       |     1 |       ||     1
Evoke: Wand              |       |     4 |    16 |       ||    20
  Use: Scroll            |     4 |       |     8 |     2 ||    14
       Potion            |       |       |     1 |     8 ||     9
Armor: Robe              |    17 |     3 |       |       ||    20
       Chain mail        |       |    42 |    74 |       ||   116
       Plate armour      |       |       |    37 |    41 ||    78
Dodge: Dodged            |    29 |    24 |    53 |    39 ||   145

Table legend: (Time is in decaauts)
 A = Elapsed time spent in this place.
 B = Non-inter-level travel time spent in this place.
 C = Inter-level travel time spent in this place.
 D = Time resting spent in this place.
 E = Time spent auto-exploring this place.
 F = Levels seen in this place.
 G = Mean time per level.
                   A        B        C        D        E       F      G
               +--------+--------+--------+--------+--------+-----+--------+
         Total |   9751 |   9197 |    554 |   2531 |   5291 |  10 |  975.1 |
       Dungeon |   9751 |   9197 |    554 |   2531 |   5291 |  10 |  975.1 |
               +--------+--------+--------+--------+--------+-----+--------+

Top non-repeatable levels by time:
     D:6: 1484 daAuts
     D:8: 1339 daAuts
     D:5: 1329 daAuts
     D:7: 1244 daAuts
     D:3: 1115 daAuts
     D:2: 1089 daAuts
     D:1: 1080 daAuts
     D:4: 778 daAuts
     D:9: 288 daAuts
    D:10: 1 daAuts
